| TOP OF THE 1ST |
|
Fresno State University Bulldogs batting - Pitching for Rice University Owls : LHP Sergio Huerta
|
|
Pitching: LHP Sergio Huerta
|
|
|
Batting: LHB Vinny Rivera
|
0-0: Ball 1-0: Called Strike 1-1: Foul Ball, location: 2F 1-2: Strikes out swinging
|
|
Batting: LHB Mike Roberts
|
0-0: Called Strike 0-1: Called Strike 0-2: Ball 1-2: Strikes out looking
|
|
Batting: RHB Tommy Tracy
|
0-0: Called Strike 0-1: Swinging Strike 0-2: Foul Ball, location: 2F 0-2: Ball 1-2: Fly out, F8 (Line Drive, 8LD, EV 107.5 MPH)
|
| Top of the 1st over - 0 runs, 0 hits, 0 errors, 0 left on base; Fresno State University 0 - Rice University 0 |
| BOTTOM OF THE 1ST |
|
Rice University Owls batting - Pitching for Fresno State University Bulldogs : RHP Dan Jenkins
|
|
Pitching: RHP Dan Jenkins
|
|
|
Batting: RHB Roberto Aispuro
|
0-0: Reached via error on a dropped throw from 1B, E1 (Groundball, 34S, EV 86.2 MPH)
|
|
Batting: SHB Justin Towry
|
0-0: Called Strike 0-1: Called Strike 0-2: Ball 1-2: Foul Ball, location: 2F 1-2: Ball 2-2: Reached on error, E6 (Groundball, 6M, EV 108.1 MPH) Roberto Aispuro to second
|
|
Batting: RHB Logan Johnson
|
0-0: Foul Ball, location: 2F 0-1: Called Strike Roberto Aispuro steals 3rd base 0-2: 3-RUN HOME RUN (Flyball, 89XD, EV 105.0 MPH), Distance : 409 ft
|
|
Batting: RHB Tony Casas
|
0-0: Ball 1-0: Ball 2-0: SINGLE (Groundball, 56D, EV 100.6 MPH)
|
|
Batting: RHB Troy Trice
|
0-0: SINGLE (Groundball, 56D, EV 100.0 MPH) Tony Casas to second
|
|
Batting: RHB Josh Faulconer
|
0-0: Foul Ball, location: 2F 0-1: Called Strike 0-2: Ball 1-2: Ball 2-2: SINGLE (Line Drive, 8RS, EV 103.8 MPH) Tony Casas to third Troy Trice to second
|
|
Batting: LHB Mason Duffy
|
0-0: Ball 1-0: SINGLE (Groundball, 6MD, EV 105.0 MPH) Tony Casas scores Troy Trice to third Josh Faulconer to second
|
|
Batting: RHB Steve Goodall
|
0-0: Foul Ball, location: 2F 0-1: Foul Ball, location: 2F 0-2: Ball 1-2: Ball 2-2: SINGLE (Groundball, 4MD, EV 106.2 MPH) Troy Trice scores Josh Faulconer to third Mason Duffy to second Runner from 3rd tries for Home, SAFE, throw by CF to home
|
|
Batting: RHB Toshikatsu Omori
|
0-0: Ground out 6-3 (Groundball, 6S, EV 73.1 MPH) Mason Duffy to third Steve Goodall to second
|
|
Batting: RHB Roberto Aispuro
|
0-0: Ball 1-0: Ball 2-0: Fly out, F8 (Flyball, 89D, EV 100.6 MPH) Runner from 3rd tags up, OUT at HOME! 8-2
|
| Bottom of the 1st over - 6 runs, 6 hits, 2 errors, 1 left on base; Fresno State University 0 - Rice University 6 |
| TOP OF THE 2ND |
|
Fresno State University Bulldogs batting - Pitching for Rice University Owls : LHP Sergio Huerta
|
|
Batting: RHB Todd Vanasco
|
0-0: Foul Ball, location: 2F 0-1: Fly out, F8 (Line Drive, 8LD, EV 90.6 MPH)
|
|
Batting: RHB Wali Mulogo
|
0-0: Swinging Strike 0-1: Foul Ball, location: 2F 0-2: Ball 1-2: Strikes out swinging
|
|
Batting: RHB Phil Hamby
|
0-0: Ball 1-0: Called Strike 1-1: Ball 2-1: Foul Ball, location: 2F 2-2: Fly out, F7 (Flyball, 78D, EV 101.9 MPH)
|
| Top of the 2nd over - 0 runs, 0 hits, 0 errors, 0 left on base; Fresno State University 0 - Rice University 6 |
| BOTTOM OF THE 2ND |
|
Rice University Owls batting - Pitching for Fresno State University Bulldogs : RHP Dan Jenkins
|
|
Batting: SHB Justin Towry
|
0-0: Foul Ball, location: 2F 0-1: Ball 1-1: Swinging Strike 1-2: Foul Ball, location: 2F 1-2: Strikes out swinging
|
|
Batting: RHB Logan Johnson
|
0-0: Foul Ball, location: 2F 0-1: Ball 1-1: Ball 2-1: Foul Ball, location: 2F 2-2: Ball 3-2: Fly out, F7 (Flyball, 7D, EV 111.9 MPH)
|
|
Batting: RHB Tony Casas
|
0-0: Called Strike 0-1: Called Strike 0-2: Ball 1-2: Ground out 4-3 (Groundball, 4S, EV 88.8 MPH)
|
| Bottom of the 2nd over - 0 runs, 0 hits, 0 errors, 0 left on base; Fresno State University 0 - Rice University 6 |
| TOP OF THE 3RD |
|
Fresno State University Bulldogs batting - Pitching for Rice University Owls : LHP Sergio Huerta
|
|
Batting: RHB Ryan Miller
|
0-0: Called Strike 0-1: Foul Ball, location: 2F 0-2: Ball 1-2: Foul Ball, location: 2F 1-2: Strikes out swinging
|
|
Batting: RHB Andrew Pride
|
0-0: Called Strike 0-1: Fly out, F6 (Line Drive, 6, EV 62.5 MPH)
|
|
Batting: RHB Minoru Matsumoto
|
0-0: Ball 1-0: Called Strike 1-1: Ball 2-1: Foul Ball, location: 2F 2-2: Ground out 4-3 (Groundball, 4, EV 105.0 MPH)
|
| Top of the 3rd over - 0 runs, 0 hits, 0 errors, 0 left on base; Fresno State University 0 - Rice University 6 |
| BOTTOM OF THE 3RD |
|
Rice University Owls batting - Pitching for Fresno State University Bulldogs : RHP Dan Jenkins
|
|
Batting: RHB Troy Trice
|
0-0: Ball 1-0: Called Strike 1-1: Ball 2-1: Ball 3-1: Base on Balls
|
|
Pitching: RHP Bill Gomez
|
|
|
Batting: RHB Josh Faulconer
|
0-0: Called Strike 0-1: Ball 1-1: Foul Ball, location: 2F 1-2: Ball 2-2: Foul Ball, location: 2F 2-2: Ball 3-2: Fielders Choice at 2nd, 6-4 (Groundball, 56, EV 87.5 MPH)
|
|
Batting: LHB Mason Duffy
|
0-0: Ball 1-0: Fielders Choice at 2nd, 4-6 (Groundball, 4, EV 86.9 MPH)
|
|
Batting: RHB Steve Goodall
|
0-0: Fielders Choice at 2nd, 5-4 (Groundball, 5, EV 98.1 MPH)
|
| Bottom of the 3rd over - 0 runs, 0 hits, 0 errors, 1 left on base; Fresno State University 0 - Rice University 6 |
| TOP OF THE 4TH |
|
Fresno State University Bulldogs batting - Pitching for Rice University Owls : LHP Sergio Huerta
|
|
Batting: LHB Vinny Rivera
|
0-0: Ball 1-0: Ball 2-0: Ball 3-0: Base on Balls
|
|
Batting: LHB Mike Roberts
|
0-0: Ball 1-0: Foul Ball, location: 2F 1-1: Called Strike 1-2: Strikes out looking
|
|
Batting: RHB Tommy Tracy
|
0-0: Called Strike 0-1: Ball 1-1: Called Strike 1-2: Foul Ball, location: 2F 1-2: Fly out, F7 (Line Drive, 7, EV 98.1 MPH)
|
|
Batting: RHB Todd Vanasco
|
0-0: Called Strike 0-1: Ball 1-1: Fielders Choice at 2nd, 6-4 (Groundball, 56, EV 82.5 MPH)
|
| Top of the 4th over - 0 runs, 0 hits, 0 errors, 1 left on base; Fresno State University 0 - Rice University 6 |
| BOTTOM OF THE 4TH |
|
Rice University Owls batting - Pitching for Fresno State University Bulldogs : RHP Bill Gomez
|
|
Batting: RHB Toshikatsu Omori
|
0-0: Ball 1-0: Fly out, F4 (Line Drive, 4, EV 71.9 MPH)
|
|
Batting: RHB Roberto Aispuro
|
0-0: Foul Ball, location: 2F 0-1: Ball 1-1: Ball 2-1: Ball 3-1: Base on Balls
|
|
Batting: SHB Justin Towry
|
0-0: Foul Ball, location: 2F 0-1: Ball 1-1: Ball Wild Pitch! Roberto Aispuro to second 2-1: Foul Ball, location: 2F 2-2: Ball 3-2: Base on Balls
|
|
Batting: RHB Logan Johnson
|
0-0: Ball 1-0: Ball 2-0: Ball 3-0: Base on Balls Roberto Aispuro to third Justin Towry to second
|
|
Batting: RHB Tony Casas
|
0-0: Ball 1-0: Called Strike 1-1: Called Strike 1-2: Ball 2-2: Ball 3-2: Fielders Choice at 2nd, 4-6 (Groundball, 34, EV 109.4 MPH) Roberto Aispuro scores Justin Towry to third
|
|
Batting: RHB Troy Trice
|
0-0: Ball 1-0: Foul Ball, location: 2F 1-1: Called Strike 1-2: Foul Ball, location: 2F 1-2: Ball 2-2: Strikes out swinging
|
| Bottom of the 4th over - 1 run, 0 hits, 0 errors, 2 left on base; Fresno State University 0 - Rice University 7 |
| TOP OF THE 5TH |
|
Fresno State University Bulldogs batting - Pitching for Rice University Owls : LHP Sergio Huerta
|
|
Batting: RHB Wali Mulogo
|
0-0: Swinging Strike 0-1: Foul Ball, location: 2F 0-2: Strikes out swinging
|
|
Batting: RHB Phil Hamby
|
0-0: Called Strike 0-1: Ball 1-1: Foul Ball, location: 2F 1-2: Ball 2-2: Ground out 6-3 (Groundball, 6, EV 80.0 MPH)
|
|
Batting: RHB Ryan Miller
|
0-0: Foul Ball, location: 2F 0-1: Ball 1-1: Ball 2-1: Called Strike 2-2: Ground out 4-3 (Groundball, 4S, EV 70.0 MPH)
|
| Top of the 5th over - 0 runs, 0 hits, 0 errors, 0 left on base; Fresno State University 0 - Rice University 7 |
| BOTTOM OF THE 5TH |
|
Rice University Owls batting - Pitching for Fresno State University Bulldogs : RHP Bill Gomez
|
|
Batting: RHB Josh Faulconer
|
0-0: Foul Ball, location: 2F 0-1: Ball 1-1: Ball 2-1: Fly out, F8 (Flyball, 78D, EV 96.9 MPH)
|
|
Batting: LHB Mason Duffy
|
0-0: SINGLE (Line Drive, 3D, EV 99.4 MPH)
|
|
Pitching: LHP Ron Fries
|
|
|
Batting: RHB Steve Goodall
|
0-0: Ball 1-0: Grounds into double play, 6-4-3 (Groundball, 56, EV 86.9 MPH)
|
| Bottom of the 5th over - 0 runs, 1 hit, 0 errors, 0 left on base; Fresno State University 0 - Rice University 7 |
| TOP OF THE 6TH |
|
Fresno State University Bulldogs batting - Pitching for Rice University Owls : LHP Sergio Huerta
|
|
Batting: RHB Andrew Pride
|
0-0: Swinging Strike 0-1: Ball 1-1: Ball 2-1: Foul Ball, location: 2F 2-2: Fly out, F6 (Popup, 6, EV 69.4 MPH)
|
|
Batting: RHB Minoru Matsumoto
|
0-0: Ball 1-0: Foul Ball, location: 2F 1-1: Swinging Strike 1-2: Ball 2-2: Ground out 6-3 (Groundball, 6, EV 85.6 MPH)
|
|
Batting: LHB Vinny Rivera
|
0-0: Fly out, F9 (Flyball, 9D, EV 90.6 MPH)
|
| Top of the 6th over - 0 runs, 0 hits, 0 errors, 0 left on base; Fresno State University 0 - Rice University 7 |
| BOTTOM OF THE 6TH |
|
Rice University Owls batting - Pitching for Fresno State University Bulldogs : LHP Ron Fries
|
|
Batting: RHB Toshikatsu Omori
|
0-0: Called Strike 0-1: Foul Ball, location: 2F 0-2: Ball 1-2: Foul Ball, location: 2F 1-2: Ball 2-2: Foul Ball, location: 2F 2-2: Ball 3-2: Base on Balls
|
|
Batting: RHB Roberto Aispuro
|
0-0: Called Strike 0-1: Ball 1-1: Reached on error, E5 (Groundball, 56S, EV 84.4 MPH) Toshikatsu Omori to second
|
|
Batting: SHB Justin Towry
|
0-0: Ball 1-0: Foul Ball, location: 2F 1-1: Ball 2-1: Foul Ball, location: 2F 2-2: Ball 3-2: Fly out, F7 (Flyball, 7LM, EV 90.0 MPH)
|
|
Batting: RHB Logan Johnson
|
0-0: Called Strike 0-1: Ball 1-1: Ball 2-1: Foul Ball, location: 2F 2-2: Ball 3-2: Ground out 5-3 (Groundball, 56S, EV 61.9 MPH) Toshikatsu Omori to third Roberto Aispuro to second
|
|
Batting: RHB Tony Casas
|
0-0: Ground out 6-3 (Groundball, 56, EV 90.6 MPH)
|
| Bottom of the 6th over - 0 runs, 0 hits, 1 error, 2 left on base; Fresno State University 0 - Rice University 7 |
| TOP OF THE 7TH |
|
Fresno State University Bulldogs batting - Pitching for Rice University Owls : LHP Sergio Huerta
|
|
Batting: LHB Mike Roberts
|
0-0: Called Strike 0-1: Ball 1-1: Ball 2-1: Ball 3-1: Ground out U3 (Groundball, 34S, EV 88.1 MPH)
|
|
Batting: RHB Tommy Tracy
|
0-0: Fly out, F8 (Line Drive, 8RM, EV 96.9 MPH)
|
|
Batting: RHB Todd Vanasco
|
0-0: Ball 1-0: Ball 2-0: Called Strike 2-1: Swinging Strike 2-2: Ball 3-2: Ground out 6-3 (Groundball, P, EV 81.2 MPH)
|
| Top of the 7th over - 0 runs, 0 hits, 0 errors, 0 left on base; Fresno State University 0 - Rice University 7 |
| BOTTOM OF THE 7TH |
|
Rice University Owls batting - Pitching for Fresno State University Bulldogs : LHP Ron Fries
|
|
Batting: RHB Troy Trice
|
0-0: Called Strike 0-1: SINGLE (Groundball, 56D, EV 94.4 MPH)
|
|
Pitching: RHP Trevor Woodbury
|
|
|
Batting: RHB Josh Faulconer
|
0-0: Ball 1-0: Grounds into double play, 4-6-3 (Groundball, 4M, EV 106.2 MPH)
|
|
Batting: LHB Mason Duffy
|
0-0: Fly out, F8 (Flyball, 8RXD, EV 83.1 MPH)
|
| Bottom of the 7th over - 0 runs, 1 hit, 0 errors, 0 left on base; Fresno State University 0 - Rice University 7 |
| TOP OF THE 8TH |
|
Fresno State University Bulldogs batting - Pitching for Rice University Owls : LHP Sergio Huerta
|
|
Batting: RHB Wali Mulogo
|
0-0: Ball 1-0: Ball 2-0: Called Strike 2-1: Foul Ball, location: 2F 2-2: Ball 3-2: Foul Ball, location: 2F 3-2: Base on Balls
|
|
Batting: RHB Phil Hamby
|
0-0: Called Strike 0-1: SINGLE (Line Drive, 34D, EV 97.5 MPH) Wali Mulogo to second
|
|
Pitching: LHP Jesus Espitia
|
|
|
Batting: RHB Ryan Miller
|
0-0: Ball 1-0: Foul Ball, location: 2F 1-1: Ball 2-1: SINGLE (Groundball, 56D, EV 93.8 MPH) Wali Mulogo to third Phil Hamby to second
|
|
Batting: RHB Andrew Pride
|
0-0: Ball 1-0: Called Strike 1-1: Ball 2-1: Grounds into double play, 6-4-3 (Groundball, 6, EV 89.4 MPH) Wali Mulogo scores Phil Hamby to third
|
|
Batting: RHB Minoru Matsumoto
|
0-0: Swinging Strike 0-1: Ground out 6-3 (Groundball, 6, EV 108.8 MPH)
|
| Top of the 8th over - 1 run, 2 hits, 0 errors, 1 left on base; Fresno State University 1 - Rice University 7 |
| BOTTOM OF THE 8TH |
|
Rice University Owls batting - Pitching for Fresno State University Bulldogs : RHP Trevor Woodbury
|
|
Batting: RHB Steve Goodall
|
0-0: Ground out 6-3 (Groundball, 6, EV 85.0 MPH)
|
|
Batting: RHB Toshikatsu Omori
|
0-0: Ball 1-0: Fly out, F3 (Line Drive, 3, EV 70.0 MPH)
|
|
Batting: RHB Roberto Aispuro
|
0-0: Ball 1-0: Ball 2-0: Foul Ball, location: 2F 2-1: Ball 3-1: Base on Balls
|
|
Batting: SHB Justin Towry
|
0-0: Foul Ball, location: 2F 0-1: Ball 1-1: Called Strike 1-2: 2-RUN HOME RUN (Flyball, 89XD, EV 98.1 MPH), Distance : 406 ft
|
|
Batting: RHB Logan Johnson
|
0-0: Called Strike 0-1: Called Strike 0-2: Ball 1-2: Foul Ball, location: 2F 1-2: Ball 2-2: Ball 3-2: Fly out, F8 (Line Drive, 8LM, EV 90.6 MPH)
|
| Bottom of the 8th over - 2 runs, 1 hit, 0 errors, 0 left on base; Fresno State University 1 - Rice University 9 |
| TOP OF THE 9TH |
|
Fresno State University Bulldogs batting - Pitching for Rice University Owls : LHP Jesus Espitia
|
|
Batting: LHB Vinny Rivera
|
0-0: Ball 1-0: Ball 2-0: Fly out, F7 (Flyball, 7, EV 90.0 MPH)
|
|
Batting: LHB Mike Roberts
|
0-0: Swinging Strike 0-1: Foul Ball, location: 2F 0-2: Ball 1-2: Foul Ball, location: 2F 1-2: Strikes out swinging
|
|
Batting: RHB Tommy Tracy
|
0-0: Ball 1-0: Ball 2-0: Fly out, F7 (Flyball, 78D, EV 86.2 MPH)
|
| Top of the 9th over - 0 runs, 0 hits, 0 errors, 0 left on base; Fresno State University 1 - Rice University 9 |
|